 Dungeon Crawl Stone Soup version 0.30.1-11-g7821555f0a (webtiles) character file.

Game seed: 4680926897775489969

95 Janerl the Chiller (level 4, 0/30 HPs)
             Began as a Merfolk Ice Elementalist on Oct 27, 2023.
             Slain by an orc wizard
             ... wielding a +0 dagger
              (3 damage)
             ... on level 2 of the Dungeon.
             The game lasted 00:07:52 (1983 turns).

Janerl the Chiller (Merfolk Ice Elementalist)       Turns: 1983, Time: 00:07:53

Health: 0/30       AC:  2    Str: 10    XL:     4   Next: 66%
Magic:  8/8        EV: 14    Int: 14    God:
Gold:   59         SH:  0    Dex: 20    Spells: 4/8 levels left

rFire   . . .        (no weapon)
rCold   . . .        (no shield)
rNeg    . . .        a - +0 robe
rPois   .            (no helmet)
rElec   .            (no cloak)
rCorr   .            (no gloves)
SInv    .            (no boots)
Will    .....        (no amulet)
Stlth   +            f - +6 ring of dexterity
HPRegen 0.25/turn    (no ring)
MPRegen 0.11/turn

%: no passive effects
@: confused, on berserk cooldown, slowed, very slow
A: (nimble swimmer 2), mertail
a: no special abilities


You were on level 2 of the Dungeon.
You visited 1 branch of the dungeon, and saw 3 of its levels.

You collected 59 gold pieces.

Inventory:

Armour
 a - a +0 robe (worn)
Jewellery
 e - a ring of poison resistance
 f - a +6 ring of dexterity (left hand)
Scrolls
 c - 2 scrolls of fog {unknown}
 d - a scroll of enchant weapon {unknown}
 g - a scroll of silence {unknown}
 h - a scroll of identify {unknown}
 j - a scroll of brand weapon {unknown}
Potions
 b - a potion of magic
 k - a potion of lignification {unknown}


   Skills:
 + Level 3.7 Dodging
 + Level 2.9 Stealth
 + Level 0.3 Unarmed Combat
 + Level 2.9 Spellcasting
 + Level 5.1 Ice Magic


You had 4 spell levels left.
You knew the following spells:

 Your Spells              Type           Power      Damage    Failure   Level
a - Freeze                Ice            64%        1d7       2%          1
b - Ozocubu's Armour      Ice            16%        N/A       8%          3

Your spell library contained the following spells:

 Spells                   Type           Power      Damage    Failure   Level
 Frozen Ramparts          Ice            32%        1d5       8%          3
 Summon Ice Beast         Ice/Summ       9%         N/A       58%         4


Dungeon Overview and Level Annotations

Branches:
Dungeon (3/15)

Altars:
Zin


Innate Abilities, Weirdness & Mutations

((You are very nimble when in or above water. (Stealth+, EV+, Speed+++)))
Your lower body shifts to a powerful aquatic tail in water.


Message History

* * * LOW HITPOINT WARNING * * *
The orc attacks as you move away! The orc barely misses you.
The orc wizard mumbles some strange words.
The orc wizard flickers and vanishes!
Deactivating autopickup; reactivate with Ctrl-A.
It was a potion of berserk rage.
A red film seems to cover your vision as you go berserk!
You feel yourself moving faster!
You feel mighty! The orc hits you with a +0 whip.
* * * LOW HITPOINT WARNING * * *
You hit the orc.
The orc is severely wounded.
The orc closely misses you.
You hit the orc.
You kill the orc!
You punch the orc!
You kill the orc!
The orc barely misses you.
You completely miss the orc. The orc closely misses you.
You hear some strange, mumbled words.
A magic dart appears from out of thin air!
The magic dart hits you!
* * * LOW HITPOINT WARNING * * *
You punch the orc!
You kill the orc!
You closely miss something. Something hits you.
* * * LOW HITPOINT WARNING * * *
You barely miss something.
You hear some strange, mumbled words.
You are confused.
You bump into the rock wall.
You feel a strong urge to attack something.
You start resting.
You are no longer berserk.
You are exhausted.
You feel yourself slow down. Something hits you.
* * * LOW HITPOINT WARNING * * *
You start resting.
Something completely misses you.
You're too confused to move!
Something hits you.
You die...

#.#.# ######.#.#.########.#.
#.#.# #......#.#..........#.
#.#.# #.######.############.
#.#.# #.# #...........# #.
#.#.# #)# #.#.#######.# #.
#.#.# #.####.#.#.[..##.####.
#.#.# #..^...#.#>...........
#.#.############.#..#(########
#.#..........@)).#..#.#.......
#.#######......)......#.######
#.# #.#########.....#..... #.#
#.#.....<.#.#...#.#### #.#
#.#.#######.#.#....... #.#
#.#.........#.#.#....# #.#
#.###########.#.#..#.. #.#
#.###########.#.#..... #.#
#.............#.##.###


There were no monsters in sight!

Vanquished Creatures
  An orc wizard (D:2)
  2 adders (D:2)
  A dart slug (D:2)
  3 orcs (D:2)
  3 bats
  7 endoplasms
  2 giant cockroaches
  A hobgoblin (D:2)
  4 jackals (D:1)
  3 ball pythons
  4 frilled lizards
  6 goblins
  6 kobolds
  3 rats (D:2)
46 creatures vanquished.

Notes
Turn   | Place    | Note
-------+----------+-------------------------------------------
     0 | D:1      | Janerl the Merfolk Ice Elementalist began the quest for the
                  | Orb.
     0 | D:1      | Reached XP level 1. HP: 13/13 MP: 3/3
   179 | D:1      | Reached XP level 2. HP: 19/19 MP: 3/5
   615 | D:1      | Reached skill level 5 in Ice Magic
   705 | D:1      | Reached XP level 3. HP: 24/24 MP: 3/6
   738 | D:1      | Found a faded altar of an unknown god.
  1427 | D:2      | Reached XP level 4. HP: 30/30 MP: 3/8
  1431 | D:2      | Learned a level 3 spell: Ozocubu's Armour
  1789 | D:2      | Found a glowing silver altar of Zin.
  1983 | D:2      | Slain by an orc wizard

Illustrated notes

Levels and vault maps discovered:
D:1:      scummos_arrival_star, layout_basic, hellmonk_ecumenical_altar_run_dry
D:2:      layout_basic, basic_altar
D:3:      layout_basic, mainiacjoe_overflow_six_doors_small, corexii_shack,
          serial_bayou_ford_a, kennysheep_path_1, hex_intersection,
          grunt_decor_arrowhead, grunt_ministairs_9

Skill      XL: |  1  2  3  4 |
---------------+-------------+-----
Ice Magic      | 5 |  5.1
Dodging        | 3 |  3.7
Stealth        | |  2.9
Unarmed Combat | |  0.3
Spellcasting   | |  2.9

Action                     |  1- 3 |  4- 6 || total
---------------------------+-------+-------++-------
  Melee: Unarmed           |    12 |     9 ||    21
   Cast: Freeze            |    54 |    15 ||    69
    Use: Potion            |       |     1 ||     1
 Armour: Robe              |     7 |     3 ||    10
  Dodge: Dodged            |    33 |    15 ||    48
